| TOP OF THE 1ST |
|
Vanderbilt University Commodores batting - Pitching for Stanford University Cardinal : RHP Joe Kill
|
|
Pitching: RHP Joe Kill
|
|
|
Batting: RHB Brian Pflughoeft
|
0-0: Called Strike 0-1: SINGLE (Groundball, 6MD, EV 98.1 MPH)
|
|
Batting: LHB Tokito Ishizaki
|
0-0: Ball 1-0: Fly out, F4 (Popup, 4S, EV 70.6 MPH)
|
|
Batting: RHB Edgar Fernandez
|
0-0: Swinging Strike 0-1: Ground out 6-3 (Groundball, 6S, EV 69.4 MPH) Brian Pflughoeft to second
|
|
Batting: RHB Min Tann
|
0-0: Foul Ball, location: 2F 0-1: DOUBLE (Line Drive, 7LS, EV 91.2 MPH) Brian Pflughoeft scores
|
|
Batting: RHB Pakiana Kileona
|
0-0: Swinging Strike 0-1: Swinging Strike 0-2: Foul Ball, location: 2F 0-2: Ball 1-2: Strikes out swinging
|
| Top of the 1st over - 1 run, 2 hits, 0 errors, 1 left on base; Vanderbilt University 1 - Stanford University 0 |
| BOTTOM OF THE 1ST |
|
Stanford University Cardinal batting - Pitching for Vanderbilt University Commodores : RHP Jayson Wright
|
|
Pitching: RHP Jayson Wright
|
|
|
Batting: RHB John Van der Linden
|
0-0: Called Strike 0-1: Foul Ball, location: 2F 0-2: Strikes out swinging
|
|
Batting: RHB Bobby Orantez
|
0-0: Ball 1-0: Ball 2-0: Called Strike 2-1: Ball 3-1: Base on Balls
|
|
Batting: RHB Gary Preston
|
0-0: Ball 1-0: Ball 2-0: Called Strike 2-1: Ball 3-1: Foul Ball, location: 2F 3-2: Base on Balls Bobby Orantez to second
|
|
Batting: RHB Joe Petley
|
0-0: SINGLE (Groundball, 56D, EV 100.6 MPH) Bobby Orantez to third Gary Preston to second
|
|
Batting: RHB Dzevat Koljevic
|
0-0: Ball 1-0: Foul Ball, location: 2F 1-1: Called Strike 1-2: Grounds into double play, 6-4-3 (Groundball, 6, EV 101.9 MPH)
|
| Bottom of the 1st over - 0 runs, 1 hit, 0 errors, 2 left on base; Vanderbilt University 1 - Stanford University 0 |
| TOP OF THE 2ND |
|
Vanderbilt University Commodores batting - Pitching for Stanford University Cardinal : RHP Joe Kill
|
|
Batting: SHB D.J. Davis
|
0-0: Foul Ball, location: 2F 0-1: Ball 1-1: Ball 2-1: Fly out, F8 (Line Drive, 8RM, EV 93.1 MPH)
|
|
Batting: LHB Josh Jett
|
0-0: Fly out, F7 (Flyball, 7LM, EV 88.1 MPH)
|
|
Batting: RHB Sam Kerwin
|
0-0: Called Strike 0-1: Fly out, F8 (Flyball, 89M, EV 90.0 MPH)
|
| Top of the 2nd over - 0 runs, 0 hits, 0 errors, 0 left on base; Vanderbilt University 1 - Stanford University 0 |
| BOTTOM OF THE 2ND |
|
Stanford University Cardinal batting - Pitching for Vanderbilt University Commodores : RHP Jayson Wright
|
|
Batting: RHB Josh Benefield
|
0-0: Ball 1-0: Fly out, F8 (Flyball, 8LD, EV 83.1 MPH)
|
|
Batting: RHB Erwin Young
|
0-0: Ground out 6-3 (Groundball, 6, EV 81.9 MPH)
|
|
Batting: RHB Eric McDonald
|
0-0: Called Strike 0-1: Ball 1-1: Ball 2-1: Fly out, F8 (Flyball, 8RD, EV 98.8 MPH)
|
| Bottom of the 2nd over - 0 runs, 0 hits, 0 errors, 0 left on base; Vanderbilt University 1 - Stanford University 0 |
| TOP OF THE 3RD |
|
Vanderbilt University Commodores batting - Pitching for Stanford University Cardinal : RHP Joe Kill
|
|
Batting: SHB Robbie Glover
|
0-0: Called Strike 0-1: Ball 1-1: Fly out, F2 (Popup, 25F, EV 86.2 MPH)
|
|
Batting: RHB Brian Pflughoeft
|
0-0: Fly out, F2 (Popup, 23F, EV 92.5 MPH)
|
|
Batting: LHB Tokito Ishizaki
|
0-0: Called Strike 0-1: Called Strike 0-2: Ball 1-2: Ground out 5-3 (Groundball, 56S, EV 73.1 MPH)
|
| Top of the 3rd over - 0 runs, 0 hits, 0 errors, 0 left on base; Vanderbilt University 1 - Stanford University 0 |
| BOTTOM OF THE 3RD |
|
Stanford University Cardinal batting - Pitching for Vanderbilt University Commodores : RHP Jayson Wright
|
|
Batting: LHB Mike Keating
|
0-0: Called Strike 0-1: Ball 1-1: Ball 2-1: SINGLE (Groundball, 4MD, EV 105.6 MPH)
|
|
Batting: RHB John Van der Linden
|
0-0: Ball 1-0: Foul Ball, location: 2F 1-1: Ball 2-1: SINGLE (Line Drive, 7LS, EV 90.6 MPH) Mike Keating to second
|
|
Batting: RHB Bobby Orantez
|
0-0: SINGLE (Flyball, 7LS, EV 93.8 MPH) Mike Keating to third John Van der Linden to second
|
|
Batting: RHB Gary Preston
|
0-0: Ball 1-0: Ball 2-0: Called Strike 2-1: Called Strike 2-2: Ball 3-2: GRAND SLAM HOME RUN (Flyball, 7LD, EV 95.6 MPH), Distance : 380 ft
|
|
Batting: RHB Joe Petley
|
0-0: Ball 1-0: Ground out 6-3 (Groundball, 6, EV 88.8 MPH)
|
|
Batting: RHB Dzevat Koljevic
|
0-0: Ball 1-0: Ball 2-0: Ground out 4-3 (Groundball, 4M, EV 91.9 MPH)
|
|
Batting: RHB Josh Benefield
|
0-0: Fly out, F7 (Flyball, 78M, EV 90.6 MPH)
|
| Bottom of the 3rd over - 4 runs, 4 hits, 0 errors, 0 left on base; Vanderbilt University 1 - Stanford University 4 |
| TOP OF THE 4TH |
|
Vanderbilt University Commodores batting - Pitching for Stanford University Cardinal : RHP Joe Kill
|
|
Batting: RHB Edgar Fernandez
|
0-0: Ball 1-0: SOLO HOME RUN (Flyball, 9D, EV 98.8 MPH), Distance : 371 ft
|
|
Batting: RHB Min Tann
|
0-0: Foul Ball, location: 2F 0-1: Ground out 5-3 (Groundball, 5, EV 95.0 MPH)
|
|
Batting: RHB Pakiana Kileona
|
0-0: Ball 1-0: Ball 2-0: Ball 3-0: Called Strike 3-1: Called Strike 3-2: Foul Ball, location: 2F 3-2: Base on Balls
|
|
Batting: SHB D.J. Davis
|
0-0: Called Strike 0-1: Called Strike 0-2: Strikes out swinging
|
|
Batting: LHB Josh Jett
|
0-0: Ball 1-0: Foul Ball, location: 2F 1-1: Ball 2-1: SINGLE (Line Drive, 34D, EV 106.2 MPH) Pakiana Kileona to second
|
|
Batting: RHB Sam Kerwin
|
0-0: Called Strike 0-1: SINGLE (Groundball, 56D, EV 109.4 MPH) (infield hit) Pakiana Kileona to third Josh Jett to second
|
|
Batting: SHB Robbie Glover
|
0-0: Fly out, F8 (Line Drive, 8RD, EV 109.4 MPH)
|
| Top of the 4th over - 1 run, 3 hits, 0 errors, 3 left on base; Vanderbilt University 2 - Stanford University 4 |
| BOTTOM OF THE 4TH |
|
Stanford University Cardinal batting - Pitching for Vanderbilt University Commodores : RHP Jayson Wright
|
|
Batting: RHB Erwin Young
|
0-0: Ball 1-0: DOUBLE (Groundball, 5L, EV 100.6 MPH)
|
|
Batting: RHB Eric McDonald
|
0-0: Ball 1-0: Foul Ball, location: 2F 1-1: Ground out 5-3 (Groundball, 56, EV 105.0 MPH)
|
|
Batting: LHB Mike Keating
|
0-0: Ball 1-0: Foul Ball, location: 2F 1-1: Ground out U3 (Groundball, 3L, EV 88.8 MPH) Erwin Young to third
|
|
Pinch Hitting: SHB Philippe Huff
|
0-0: Ball 1-0: Called Strike 1-1: Called Strike 1-2: Foul Ball, location: 2F 1-2: Ground out 6-3 (Groundball, 6MD, EV 104.4 MPH)
|
| Bottom of the 4th over - 0 runs, 1 hit, 0 errors, 1 left on base; Vanderbilt University 2 - Stanford University 4 |
| TOP OF THE 5TH |
|
Vanderbilt University Commodores batting - Pitching for Stanford University Cardinal : RHP Joe Kill
|
|
Now at 2B: Erwin Young
|
|
|
Now at SS: Philippe Huff
|
|
|
Now in LF: Ricky Medina
|
|
|
Pinch Hitting: RHB Jose Ramos
|
0-0: Ball 1-0: Called Strike 1-1: Ball 2-1: SINGLE (Line Drive, 7S, EV 103.8 MPH)
|
|
Pinch Hitting: RHB Takashi Takeuchi
|
0-0: Ball 1-0: Foul Ball, location: 2F 1-1: Swinging Strike 1-2: Foul Ball, location: 2F 1-2: Ball 2-2: Strikes out swinging
|
|
Batting: RHB Edgar Fernandez
|
0-0: Ball 1-0: Called Strike Jose Ramos is caught stealing 2nd base 2-4 1-1: Ball 2-1: SOLO HOME RUN (Flyball, 9D, EV 102.5 MPH), Distance : 411 ft
|
|
Batting: RHB Min Tann
|
0-0: Ball 1-0: Called Strike 1-1: Foul Ball, location: 2F 1-2: Foul Ball, location: 2F 1-2: Foul Ball, location: 2F 1-2: Strikes out swinging
|
| Top of the 5th over - 1 run, 2 hits, 0 errors, 0 left on base; Vanderbilt University 3 - Stanford University 4 |
| BOTTOM OF THE 5TH |
|
Stanford University Cardinal batting - Pitching for Vanderbilt University Commodores : RHP Jayson Wright
|
|
Now at 2B: En-lai Kong
|
|
|
Now at 3B: Ruben Reyna
|
|
|
Now in LF: Takashi Takeuchi
|
|
|
Now in CF: Jose Ramos
|
|
|
Now in RF: Sam Kerwin
|
|
|
Batting: RHB Bobby Orantez
|
0-0: Called Strike 0-1: Ball 1-1: Fly out, F6 (Popup, 6D, EV 68.8 MPH)
|
|
Batting: RHB Gary Preston
|
0-0: Ball 1-0: Foul Ball, location: 2F 1-1: Fly out, F9 (Flyball, 9, EV 88.8 MPH)
|
|
Batting: LHB Andy Swan
|
0-0: Ball 1-0: Swinging Strike 1-1: Ball 2-1: Foul Ball, location: 2F 2-2: Ball 3-2: Strikes out looking
|
| Bottom of the 5th over - 0 runs, 0 hits, 0 errors, 0 left on base; Vanderbilt University 3 - Stanford University 4 |
| TOP OF THE 6TH |
|
Vanderbilt University Commodores batting - Pitching for Stanford University Cardinal : RHP Joe Kill
|
|
Now at C: Mike Gard
|
|
|
Batting: RHB Pakiana Kileona
|
0-0: Ball 1-0: Ball 2-0: Called Strike 2-1: Ball 3-1: Base on Balls
|
|
Batting: RHB En-lai Kong
|
0-0: Bunt - Flyout to 13S! F1
|
|
Batting: RHB Paul Johnson
|
0-0: Ball 1-0: Foul Ball, location: 2F 1-1: Ball 2-1: Foul Ball, location: 2F 2-2: Grounds into double play, 6-4-3 (Groundball, 6, EV 90.6 MPH)
|
| Top of the 6th over - 0 runs, 0 hits, 0 errors, 0 left on base; Vanderbilt University 3 - Stanford University 4 |
| BOTTOM OF THE 6TH |
|
Stanford University Cardinal batting - Pitching for Vanderbilt University Commodores : RHP Jayson Wright
|
|
Pitching: RHP Jesus Ortega
|
|
|
Batting: RHB Dzevat Koljevic
|
0-0: Ball 1-0: Foul Ball, location: 2F 1-1: Swinging Strike 1-2: Foul Ball, location: 2F 1-2: Foul Ball, location: 2F 1-2: Foul Ball, location: 2F 1-2: Fly out, F3 (Popup, 3S, EV 68.1 MPH)
|
|
Batting: RHB Josh Benefield
|
0-0: Called Strike 0-1: Ball 1-1: Ball 2-1: Foul Ball, location: 2F 2-2: Foul Ball, location: 2F 2-2: Strikes out swinging
|
|
Batting: RHB Erwin Young
|
0-0: Called Strike 0-1: Fly out, F9 (Flyball, 9S, EV 94.4 MPH)
|
| Bottom of the 6th over - 0 runs, 0 hits, 0 errors, 0 left on base; Vanderbilt University 3 - Stanford University 4 |
| TOP OF THE 7TH |
|
Vanderbilt University Commodores batting - Pitching for Stanford University Cardinal : RHP Joe Kill
|
|
Batting: RHB Sam Kerwin
|
0-0: Called Strike 0-1: Ball 1-1: Ball 2-1: Fly out, F8 (Flyball, 8RXD, EV 98.1 MPH)
|
|
Batting: RHB Ruben Reyna
|
0-0: Ground out 6-3 (Groundball, 6, EV 86.2 MPH)
|
|
Batting: RHB Jose Ramos
|
0-0: Ball 1-0: SOLO HOME RUN (Flyball, 89XD, EV 105.6 MPH), Distance : 417 ft
|
|
Batting: RHB Takashi Takeuchi
|
0-0: Called Strike 0-1: Ground out 1-3 (Groundball, P, EV 71.2 MPH)
|
| Top of the 7th over - 1 run, 1 hit, 0 errors, 0 left on base; Vanderbilt University 4 - Stanford University 4 |
| BOTTOM OF THE 7TH |
|
Stanford University Cardinal batting - Pitching for Vanderbilt University Commodores : RHP Jesus Ortega
|
|
Pitching: LHP Norm Franklin
|
|
|
Pinch Hitting: LHB Donny Kleinjan
|
0-0: Ball 1-0: Ball 2-0: Ball 3-0: Called Strike 3-1: Base on Balls
|
|
Batting: RHB Ricky Medina
|
0-0: Bunted foul 0-1: Bunt missed! 0-2: Ball 1-2: Fly out, F9 (Flyball, 9S, EV 95.0 MPH)
|
|
Batting: SHB Philippe Huff
|
0-0: Swinging Strike 0-1: Foul Ball, location: 2F 0-2: Foul Ball, location: 2F 0-2: Ball 1-2: Strikes out swinging
|
|
Batting: RHB Bobby Orantez
|
0-0: Called Strike 0-1: Ball 1-1: Foul Ball, location: 2F 1-2: Fly out, F8 (Flyball, 8RM, EV 92.5 MPH)
|
| Bottom of the 7th over - 0 runs, 0 hits, 0 errors, 1 left on base; Vanderbilt University 4 - Stanford University 4 |
| TOP OF THE 8TH |
|
Vanderbilt University Commodores batting - Pitching for Stanford University Cardinal : RHP Joe Kill
|
|
Now at 1B: Donny Kleinjan
|
|
|
Batting: RHB Edgar Fernandez
|
0-0: Ball 1-0: Called Strike 1-1: Swinging Strike 1-2: DOUBLE (Flyball, 8RXD, EV 93.8 MPH)
|
|
Batting: RHB Min Tann
|
0-0: SINGLE (Flyball, 5D, EV 89.4 MPH) Edgar Fernandez to third
|
|
Batting: RHB Pakiana Kileona
|
0-0: Ball 1-0: Ball 2-0: Ball 3-0: Base on Balls Min Tann to second
|
|
Batting: RHB En-lai Kong
|
0-0: Ball 1-0: Ball 2-0: Called Strike 2-1: Foul Ball, location: 2F 2-2: Strikes out swinging
|
|
Batting: RHB Paul Johnson
|
0-0: Foul Ball, location: 2F 0-1: Ball 1-1: Swinging Strike 1-2: Strikes out swinging
|
|
Batting: RHB Sam Kerwin
|
0-0: Ball 1-0: Called Strike 1-1: Ball 2-1: Fielders Choice at 2nd, 6-4 (Groundball, 6, EV 90.6 MPH)
|
| Top of the 8th over - 0 runs, 2 hits, 0 errors, 3 left on base; Vanderbilt University 4 - Stanford University 4 |
| BOTTOM OF THE 8TH |
|
Stanford University Cardinal batting - Pitching for Vanderbilt University Commodores : LHP Norm Franklin
|
|
Pitching: RHP Bill Mata
|
|
|
Batting: RHB Mike Gard
|
0-0: Ball 1-0: Foul Ball, location: 2F 1-1: Foul Ball, location: 2F 1-2: Ball 2-2: Reached on error, E4 (Groundball, 34, EV 108.1 MPH)
|
|
Batting: LHB Andy Swan
|
0-0: Ball 1-0: Ball 2-0: Ground out 6-3 (Groundball, 6MD, EV 103.1 MPH) Mike Gard to third
|
|
Batting: RHB Dzevat Koljevic
|
0-0: Ball 1-0: Ball 2-0: Called Strike 2-1: Ball 3-1: Foul Ball, location: 2F 3-2: Base on Balls
|
|
Batting: RHB Josh Benefield
|
0-0: Foul Ball, location: 2F 0-1: Swinging Strike 0-2: Foul Ball, location: 2F 0-2: Ball 1-2: Ball 2-2: Fly out, F8 (Flyball, 78M, EV 96.2 MPH)
|
|
Batting: RHB Erwin Young
|
0-0: Ball 1-0: SINGLE (Groundball, 6M, EV 96.9 MPH) Mike Gard scores Dzevat Koljevic to second Runner from 2nd tries for 3rd, SAFE, throw by CF made to third
|
|
Pitching: LHP Lothar Wendelin
|
|
|
Batting: LHB Donny Kleinjan
|
0-0: Ball 1-0: Called Strike 1-1: Ball 2-1: Ground out 4-3 (Groundball, 4S, EV 85.6 MPH)
|
| Bottom of the 8th over - 1 run, 1 hit, 1 error, 2 left on base; Vanderbilt University 4 - Stanford University 5 |
| TOP OF THE 9TH |
|
Vanderbilt University Commodores batting - Pitching for Stanford University Cardinal : RHP Joe Kill
|
|
Batting: RHB Ruben Reyna
|
0-0: Ball 1-0: SINGLE (Groundball, 56, EV 101.2 MPH)
|
|
Batting: RHB Jose Ramos
|
0-0: Foul Ball, location: 2F 0-1: Ball 1-1: Foul Ball, location: 2F 1-2: Strikes out looking
|
|
Batting: RHB Takashi Takeuchi
|
0-0: Swinging Strike 0-1: Ball 1-1: 2-RUN HOME RUN (Flyball, 9D, EV 98.1 MPH), Distance : 365 ft
|
|
Batting: RHB Edgar Fernandez
|
0-0: Foul Ball, location: 2F 0-1: Ball 1-1: Called Strike 1-2: Foul Ball, location: 2F 1-2: Fly out, F6 (Popup, 6MD, EV 48.8 MPH)
|
|
Pitching: RHP Steven Townsend
|
|
|
Batting: RHB Min Tann
|
0-0: Called Strike 0-1: Ball 1-1: Ball 2-1: Ground out 5-3 (Groundball, 56S, EV 89.4 MPH)
|
| Top of the 9th over - 2 runs, 2 hits, 0 errors, 0 left on base; Vanderbilt University 6 - Stanford University 5 |
| BOTTOM OF THE 9TH |
|
Stanford University Cardinal batting - Pitching for Vanderbilt University Commodores : LHP Lothar Wendelin
|
|
Pitching: RHP Matt Lane
|
|
|
Batting: RHB Ricky Medina
|
0-0: Fly out, F8 (Flyball, 8RD, EV 86.2 MPH)
|
|
Batting: SHB Philippe Huff
|
0-0: Ball 1-0: Called Strike 1-1: Swinging Strike 1-2: SOLO HOME RUN (Flyball, 7LD, EV 97.5 MPH), Distance : 370 ft
|
|
Batting: RHB Bobby Orantez
|
0-0: Called Strike 0-1: Ball 1-1: Called Strike 1-2: Ball 2-2: Strikes out swinging
|
|
Batting: RHB Mike Gard
|
0-0: Swinging Strike 0-1: Called Strike 0-2: Ball 1-2: Foul Ball, location: 2F 1-2: Strikes out swinging
|
| Bottom of the 9th over - 1 run, 1 hit, 0 errors, 0 left on base; Vanderbilt University 6 - Stanford University 6 |
| TOP OF THE 10TH |
|
Vanderbilt University Commodores batting - Pitching for Stanford University Cardinal : RHP Steven Townsend
|
|
Batting: RHB Pakiana Kileona
|
0-0: Called Strike 0-1: Ball 1-1: Swinging Strike 1-2: Ball 2-2: Strikes out looking
|
|
Batting: RHB En-lai Kong
|
0-0: Foul Ball, location: 2F 0-1: Ball 1-1: Fly out, F8 (Line Drive, 8RD, EV 97.5 MPH)
|
|
Batting: RHB Paul Johnson
|
0-0: Ball 1-0: Foul Ball, location: 2F 1-1: Foul Ball, location: 2F 1-2: Foul Ball, location: 2F 1-2: Reached on error, E3 (Groundball, 3L, EV 101.2 MPH)
|
|
Batting: RHB Sam Kerwin
|
0-0: Fly out, F8 (Flyball, 89M, EV 89.4 MPH)
|
| Top of the 10th over - 0 runs, 0 hits, 1 error, 1 left on base; Vanderbilt University 6 - Stanford University 6 |
| BOTTOM OF THE 10TH |
|
Stanford University Cardinal batting - Pitching for Vanderbilt University Commodores : RHP Matt Lane
|
|
Pitching: LHP Ethan Roberson
|
|
|
Batting: LHB Andy Swan
|
0-0: Ball 1-0: Foul Ball, location: 2F 1-1: Foul Ball, location: 2F 1-2: Ball 2-2: Ball 3-2: Fly out, F8 (Flyball, 8LD, EV 101.2 MPH)
|
|
Batting: RHB Dzevat Koljevic
|
0-0: Ball 1-0: Ball 2-0: Fly out, F8 (Line Drive, 8LM, EV 91.9 MPH)
|
|
Batting: RHB Josh Benefield
|
0-0: Ball 1-0: Called Strike 1-1: Fly out, F9 (Flyball, 9, EV 98.8 MPH)
|
| Bottom of the 10th over - 0 runs, 0 hits, 0 errors, 0 left on base; Vanderbilt University 6 - Stanford University 6 |
| TOP OF THE 11TH |
|
Vanderbilt University Commodores batting - Pitching for Stanford University Cardinal : RHP Steven Townsend
|
|
Pitching: RHP Dante Verduzco
|
|
|
Batting: RHB Ruben Reyna
|
0-0: Foul Ball, location: 2F 0-1: Ball 1-1: Ground out 6-3 (Groundball, 6, EV 110.6 MPH)
|
|
Batting: RHB Jose Ramos
|
0-0: Called Strike 0-1: Ball 1-1: Swinging Strike 1-2: Strikes out looking
|
|
Batting: RHB Takashi Takeuchi
|
0-0: Ball 1-0: Ball 2-0: Ground out 6-3 (Groundball, 6, EV 89.4 MPH)
|
| Top of the 11th over - 0 runs, 0 hits, 0 errors, 0 left on base; Vanderbilt University 6 - Stanford University 6 |
| BOTTOM OF THE 11TH |
|
Stanford University Cardinal batting - Pitching for Vanderbilt University Commodores : LHP Ethan Roberson
|
|
Pitching: RHP Elijah Ogletree
|
|
|
Batting: RHB Erwin Young
|
0-0: Called Strike 0-1: Ball 1-1: SINGLE (Groundball, 6S, EV 65.6 MPH) (infield hit)
|
|
Batting: LHB Donny Kleinjan
|
0-0: Called Strike 0-1: Swinging Strike 0-2: Strikes out swinging
|
|
Batting: RHB Ricky Medina
|
0-0: Ball 1-0: Ball 2-0: Called Strike 2-1: Foul Ball, location: 2F 2-2: Foul Ball, location: 2F 2-2: Foul Ball, location: 2F 2-2: Ball 3-2: Strikes out looking
|
|
Batting: SHB Philippe Huff
|
0-0: Called Strike 0-1: Ball 1-1: Ball 2-1: Foul Ball, location: 2F 2-2: Strikes out swinging
|
| Bottom of the 11th over - 0 runs, 1 hit, 0 errors, 1 left on base; Vanderbilt University 6 - Stanford University 6 |
| TOP OF THE 12TH |
|
Vanderbilt University Commodores batting - Pitching for Stanford University Cardinal : RHP Dante Verduzco
|
|
Batting: RHB Edgar Fernandez
|
0-0: Ground out 6-3 (Groundball, 6, EV 98.8 MPH)
|
|
Batting: RHB Min Tann
|
0-0: Ball 1-0: Foul Ball, location: 2F 1-1: Foul Ball, location: 2F 1-2: Foul Ball, location: 2F 1-2: Foul Ball, location: 2F 1-2: Fly out, F9 (Line Drive, 9LM, EV 106.9 MPH)
|
|
Batting: RHB Pakiana Kileona
|
0-0: Ball 1-0: Swinging Strike 1-1: Swinging Strike 1-2: Foul Ball, location: 2F 1-2: Strikes out swinging
|
| Top of the 12th over - 0 runs, 0 hits, 0 errors, 0 left on base; Vanderbilt University 6 - Stanford University 6 |
| BOTTOM OF THE 12TH |
|
Stanford University Cardinal batting - Pitching for Vanderbilt University Commodores : RHP Elijah Ogletree
|
|
Pitching: RHP Craig Wayne
|
|
|
Batting: RHB Bobby Orantez
|
0-0: Ball 1-0: Foul Ball, location: 2F 1-1: Swinging Strike 1-2: Foul Ball, location: 2F 1-2: Strikes out looking
|
|
Batting: RHB Mike Gard
|
0-0: Foul Ball, location: 2F 0-1: Ball 1-1: Ball 2-1: Swinging Strike 2-2: Strikes out swinging
|
|
Batting: LHB Andy Swan
|
0-0: Called Strike 0-1: Foul Ball, location: 2F 0-2: Strikes out looking
|
| Bottom of the 12th over - 0 runs, 0 hits, 0 errors, 0 left on base; Vanderbilt University 6 - Stanford University 6 |
| TOP OF THE 13TH |
|
Vanderbilt University Commodores batting - Pitching for Stanford University Cardinal : RHP Dante Verduzco
|
|
Pitching: LHP Larry Steen
|
|
|
Batting: RHB En-lai Kong
|
0-0: Called Strike 0-1: Ball 1-1: Foul Ball, location: 2F 1-2: Ground out 4-3 (Groundball, 4, EV 88.8 MPH)
|
|
Batting: RHB Paul Johnson
|
0-0: Ball 1-0: Foul Ball, location: 2F 1-1: Ground out U3 (Groundball, 34, EV 92.5 MPH)
|
|
Batting: RHB Sam Kerwin
|
0-0: Ball 1-0: Foul Ball, location: 2F 1-1: Foul Ball, location: 2F 1-2: Strikes out swinging, 2-3 out at first.
|
| Top of the 13th over - 0 runs, 0 hits, 0 errors, 0 left on base; Vanderbilt University 6 - Stanford University 6 |
| BOTTOM OF THE 13TH |
|
Stanford University Cardinal batting - Pitching for Vanderbilt University Commodores : RHP Craig Wayne
|
|
Batting: RHB Dzevat Koljevic
|
0-0: Ball 1-0: Foul Ball, location: 2F 1-1: Ball 2-1: Ball 3-1: Base on Balls
|
|
Batting: RHB Josh Benefield
|
0-0: Bunted foul 0-1: Ball 1-1: Sac Bunt to 13S - play at first, batter OUT! 1-3 Dzevat Koljevic to second
|
|
Batting: RHB Erwin Young
|
0-0: Ball 1-0: Fly out, F8 (Flyball, 8RM, EV 82.5 MPH)
|
|
Batting: LHB Donny Kleinjan
|
0-0: Ball 1-0: Ball 2-0: Ball 3-0: Base on Balls
|
|
Batting: RHB Ricky Medina
|
0-0: Fly out, F8 (Flyball, 89M, EV 94.4 MPH)
|
| Bottom of the 13th over - 0 runs, 0 hits, 0 errors, 2 left on base; Vanderbilt University 6 - Stanford University 6 |
| TOP OF THE 14TH |
|
Vanderbilt University Commodores batting - Pitching for Stanford University Cardinal : LHP Larry Steen
|
|
Batting: RHB Ruben Reyna
|
0-0: Ball 1-0: Called Strike 1-1: Ball 2-1: Swinging Strike 2-2: Strikes out swinging
|
|
Batting: RHB Jose Ramos
|
0-0: SOLO HOME RUN (Line Drive, 9LD, EV 93.1 MPH), Distance : 359 ft
|
|
Batting: RHB Takashi Takeuchi
|
0-0: Ground out 6-3 (Groundball, 6, EV 94.4 MPH)
|
|
Batting: RHB Edgar Fernandez
|
0-0: Ball 1-0: Called Strike 1-1: Ball 2-1: Ball 3-1: Base on Balls
|
|
Batting: RHB Min Tann
|
0-0: Called Strike 0-1: Foul Ball, location: 2F 0-2: SINGLE (Groundball, 4MD, EV 96.9 MPH) (infield hit) Edgar Fernandez to second
|
|
Batting: RHB Pakiana Kileona
|
0-0: Ball 1-0: Ball 2-0: Called Strike 2-1: Ball 3-1: DOUBLE (Flyball, 8LXD, EV 113.1 MPH) Edgar Fernandez scores Min Tann to third Runner from 3rd tries for Home, SAFE, throw by CF to home
|
|
Batting: RHB En-lai Kong
|
0-0: Ball 1-0: Ground out 4-3 (Groundball, 4, EV 102.5 MPH)
|
| Top of the 14th over - 3 runs, 3 hits, 0 errors, 1 left on base; Vanderbilt University 9 - Stanford University 6 |
| BOTTOM OF THE 14TH |
|
Stanford University Cardinal batting - Pitching for Vanderbilt University Commodores : RHP Craig Wayne
|
|
Batting: SHB Philippe Huff
|
0-0: Ball 1-0: Ball 2-0: Ground out U3 (Groundball, 34S, EV 82.5 MPH)
|
|
Batting: RHB Bobby Orantez
|
0-0: Ball 1-0: SOLO HOME RUN (Flyball, 9D, EV 108.1 MPH), Distance : 390 ft
|
|
Batting: RHB Mike Gard
|
0-0: Swinging Strike 0-1: Ground out 6-3 (Groundball, 6, EV 100.6 MPH)
|
|
Batting: LHB Andy Swan
|
0-0: Called Strike 0-1: Fly out, F9 (Line Drive, 89S, EV 93.1 MPH)
|
| Bottom of the 14th over - 1 run, 1 hit, 0 errors, 0 left on base; Vanderbilt University 9 - Stanford University 7 |
|